Chicago Black Hawks vs Winnipeg Jets (R1)

Created - Thursday, February 5, 2026 at 10:25

Goals
1 2 3 T
Chicago Black Hawks 0 1 1 2
Winnipeg Jets 2 0 2 4
Shots
1 2 3 T
Chicago Black Hawks 11 10 12 33
Winnipeg Jets 11 5 24 40

1st period

1. Winnipeg Jets , Taylor Hall 4 (Adam Lowry 7) at 7:46 (PP)
2. Winnipeg Jets , Taylor Hall 5 (Adam Lowry 8) at 13:57

Penalties :
Eeli Tolvanen (CHI) for Roughing (Minor) at 6:22, Michael Kesselring (WPG) for Fighting (Major) at 13:53, Ryan Suzuki (CHI) for Fighting (Major) at 13:53, Ridly Greig (WPG) for Roughing (Minor) at 14:28, Alexander Kerfoot (WPG) for Hooking (Minor) at 17:52

2nd period

3. Chicago Black Hawks , Matthew Beniers 5 (Shane Wright 5, Eeli Tolvanen 1) at 19:21

Penalties :
Haydn Fleury (WPG) for Holding (Minor) at 1:40, Dylan Samberg (WPG) for Hooking (Minor) at 15:25, Barrett Hayton (CHI) for Roughing (Minor) at 16:34, Taylor Hall (WPG) for Boarding (Minor) at 19:45

3rd period

4. Winnipeg Jets , Taylor Hall 6 (Adam Lowry 9) at 5:36
5. Winnipeg Jets , Alexander Kerfoot 5 (Haydn Fleury 3, Taylor Hall 9) at 6:32 (PP)
6. Chicago Black Hawks , Oliver Bjorkstrand 9 (Barrett Hayton 11) at 19:23

Penalties :
Zachary Werenski (CHI) for Hooking (Minor) at 6:13, Ridly Greig (WPG) for Tripping (Minor) at 6:44, Shane Wright (CHI) for Cross-checking (Minor) at 13:38

Goalie Stats

Jesper Wallstedt (CHI), 36 saves from 40 shots - (0.900), L, 7-2-0, 60:00 minutes
Dustin Wolf (WPG), 31 saves from 33 shots - (0.939), W, 5-2-2, 60:00 minutes

Players Stats for Chicago Black Hawks

Player Name              G  A  P  +/- PIM S  H  SB GA TA FO     MP     PP MP  PK MP  
------------------------------------------------------------------------------------
Barrett Hayton           0  1  1   0  2   3  2  1  1  1  10/24  19:32   5:30   1:42 
Bobby Brink              0  0  0   0  0   1  0  1  0  0  0/0     7:26   0:00   0:00 
Brent Burns              0  0  0   1  0   0  1  4  0  3  0/0    24:45   5:37   2:40 
Brett Howden             0  0  0   0  0   1  0  0  0  0  1/1     8:25   0:03   0:40 
Christopher Tanev        0  0  0   0  0   2  0  2  0  0  0/0    21:40   5:27   2:11 
Eeli Tolvanen            0  1  1   0  2   1  1  0  0  0  0/0    11:02   0:03   0:02 
Justin Faulk             0  0  0   0  0   1  2  2  0  1  0/0    21:40   5:27   2:11 
Kevin Fiala              0  0  0   0  0   3  1  0  0  0  1/4    20:24   5:30   2:22 
Leo Carlsson             0  0  0   0  0   4  3  0  2  0  10/23  21:20   5:30   2:27 
Lucas Raymond            0  0  0   0  0   4  2  1  1  0  0/0    21:20   5:30   2:27 
Matthew Beniers          1  0  1  -1  0   2  3  0  0  0  6/12   16:52   5:31   0:00 
Noah Dobson              0  0  0  -1  0   2  1  3  1  1  0/0    13:35   0:00   0:00 
Oliver Bjorkstrand       1  0  1   0  0   4  2  0  0  1  1/2    17:32   5:24   0:00 
Ryan Lindgren            0  0  0  -1  0   2  0  0  0  1  0/0    13:35   0:00   0:00 
Ryan Suzuki              0  0  0   1  5   0  1  0  0  0  0/0    11:22   0:00   0:00 
Shane Wright             0  1  1   0  2   3  0  0  1  0  3/3    11:34   0:10   0:02 
Trevor Lewis             0  0  0   0  0   0  1  1  0  0  0/0     7:26   0:00   0:00 
Zachary Werenski         0  0  0   1  2   0  1  1  0  1  0/0    24:44   5:37   2:40 

Players Stats for Winnipeg Jets

Player Name              G  A  P  +/- PIM S  H  SB GA TA FO     MP     PP MP  PK MP  
------------------------------------------------------------------------------------
Adam Lowry               0  3  3   2  0   1  2  1  4  0  16/24  19:53   2:27   4:55 
Alexander Kerfoot        1  0  1   2  2   2  1  0  0  1  3/4    14:28   2:27   0:00 
Alexis Lafreniere        0  0  0  -1  0   3  2  0  0  0  0/1    12:17   0:00   1:22 
Connor Bedard            0  0  0  -1  0   2  1  1  0  0  0/1    21:10   2:24   6:04 
Dylan Samberg            0  0  0   2  2   5  0  3  1  1  0/0    27:02   3:34   4:52 
Haydn Fleury             0  1  1  -1  2   2  1  1  0  1  0/0    19:53   1:17   4:30 
Jason Zucker             0  0  0  -1  0   5  2  0  0  0  7/16   11:46   1:15   0:00 
Joel Armia               0  0  0  -1  0   1  2  0  0  0  1/2    13:37   0:00   2:56 
Jonas Brodin             0  0  0   2  0   3  1  4  0  1  0/0    27:46   3:34   5:29 
Matvei Michkov           0  0  0   0  0   2  1  0  1  0  3/4    10:33   1:09   0:00 
Michael Kesselring       0  0  0  -1  5   0  1  0  0  0  0/0    14:33   1:09   1:51 
Nate Schmidt             0  0  0  -1  0   2  1  2  0  0  0/0    20:59   1:17   5:35 
Nino Niederreiter        0  0  0   0  0   0  0  0  0  0  0/0     8:08   0:00   0:00 
Ridly Greig              0  0  0  -1  4   4  0  1  0  0  0/1    16:38   1:15   3:02 
Sam Steel                0  0  0   0  0   1  0  0  2  0  0/1     8:08   0:00   0:00 
Sean Durzi               0  0  0  -1  0   0  0  1  0  0  0/0    11:15   0:00   0:00 
Taylor Hall              3  1  4   2  2   6  1  0  1  2  4/6    19:33   2:27   3:49 
Vladislav Namestnikov    0  0  0  -1  0   1  1  0  0  0  3/9    10:29   0:00   0:00 

3 Stars

1 - Taylor Hall (WPG)
2 - Adam Lowry (WPG)
3 - Dustin Wolf (WPG)

Power Play

Chicago Black Hawks - 0 on 6 Attempt(s) - 0.00%
Winnipeg Jets - 2 on 4 Attempt(s) - 50.00%

Penalty Kill

Chicago Black Hawks - 2 on 4 Attempt(s) - 50.00% - Score 0 goal in Penalty Kill
Winnipeg Jets - 6 on 6 Attempt(s) - 100.00% - Score 0 goal in Penalty Kill

Team Stat

Chicago Black Hawks - Hits : 21 - Faceoff Wins : 32 - Blocked Shots : 16 - Penalty Minutes : 13
Winnipeg Jets - Hits : 17 - Faceoff Wins : 37 - Blocked Shots : 14 - Penalty Minutes : 17

Official

Referees : Conor O'Donnell and Francois St Laurent
Linesman : Steve Barton and Ryan Jackson

Game Notes

Ryan Suzuki beats up Michael Kesselring at 13:53 of 1st period
Taylor Hall has scored a Hat Trick!

Finance

Level 1 -- Attendance: 5589 (93.15%) -- Ticket Income $514,188
Level 2 -- Attendance: 4647 (92.94%) -- Ticket Income $255,585
Level 3 -- Attendance: 3000 (100.00%) -- Ticket Income $90,000
Level 4 -- Attendance: 4467 (89.34%) -- Ticket Income $98,274
Luxury Box -- Attendance: 916 (91.60%) -- Ticket Income $174,040
Game was played at the MTS Centre.
Total Attendance: 18619 (93.10%)
Total Ticket Income: $1,132,087
Other Income: $396,230
Total Income: $1,528,317

Chicago Black Hawks

5 vs 5 Forward 
   Center                   Left Wing                Right Wing               Time % Phy DF OF 
 1 Leo Carlsson             Lucas Raymond            Kevin Fiala              30     1   2  2  
 2 Barrett Hayton           Ryan Suzuki              Oliver Bjorkstrand       30     1   2  2  
 3 Matthew Beniers          Shane Wright             Eeli Tolvanen            25     1   2  2  
 4 Brett Howden             Trevor Lewis             Bobby Brink              15     1   2  2  

5 vs 5 Defense 
   Defense                  Defense                                           Time % Phy DF OF 
 1 Zachary Werenski         Brent Burns                                       30     1   2  2  
 2 Justin Faulk             Christopher Tanev                                 30     1   2  2  
 3 Noah Dobson              Ryan Lindgren                                     25     1   2  2  
 4 Zachary Werenski         Brent Burns                                       15     1   2  2  

PowerPlay Forward 
   Center                   Left Wing                Right Wing               Time % Phy DF OF 
 1 Leo Carlsson             Lucas Raymond            Kevin Fiala              50     1   2  2  
 2 Barrett Hayton           Matthew Beniers          Oliver Bjorkstrand       50     1   2  2  

PowerPlay Defense
   Defense                  Defense                                           Time % Phy DF OF 
 1 Zachary Werenski         Brent Burns                                       50     1   2  2  
 2 Justin Faulk             Christopher Tanev                                 50     1   2  2  

Penalty Kill 4 Players Forward 
   Center                   Wing                     Time % Phy DF OF 
 1 Leo Carlsson             Lucas Raymond            50     1   2  2  
 2 Kevin Fiala              Barrett Hayton           50     1   2  2  

Penalty Kill 4 Players Defense
   Defense                  Defense                  Time % Phy DF OF 
 1 Zachary Werenski         Brent Burns              50     1   2  2  
 2 Justin Faulk             Christopher Tanev        50     1   2  2  

Penalty Kill - 3 Players Forward 
   Forward                                           Time % Phy DF OF 
 1 Leo Carlsson                                      50     1   2  2  
 2 Lucas Raymond                                     50     1   2  2  

Penalty Kill - 3 Players Defense
   Defense                  Defense                  Time % Phy DF OF 
 1 Zachary Werenski         Brent Burns              50     1   2  2  
 2 Justin Faulk             Christopher Tanev        50     1   2  2  

4 vs 4 Forward 
   Center                   Wing                     Time % Phy DF OF 
 1 Leo Carlsson             Lucas Raymond            50     1   2  2  
 2 Kevin Fiala              Barrett Hayton           50     1   2  2  

4 vs 4 Defense
   Defense                  Defense                  Time % Phy DF OF 
 1 Zachary Werenski         Brent Burns              50     1   2  2  
 2 Justin Faulk             Christopher Tanev        50     1   2  2  

Last Minutes Offensive
   Center                   Left Wing                Right Wing               Defense                  Defense                  
   Leo Carlsson             Lucas Raymond            Kevin Fiala              Zachary Werenski         Brent Burns              

Last Minutes Defensive
   Center                   Left Wing                Right Wing               Defense                  Defense                  
   Leo Carlsson             Lucas Raymond            Kevin Fiala              Zachary Werenski         Brent Burns              

Goaltenders
Starting : Jesper Wallstedt         
Backup : Filip Gustavsson         

Extra Forwards
Normal : Matthew Beniers, Shane Wright, Brett Howden - PP : Matthew Beniers, Shane Wright - PK : Brett Howden
Extra Defensemen
Normal : Noah Dobson, Ryan Lindgren, Justin Faulk - PP : Noah Dobson - PK : Ryan Lindgren, Justin Faulk
Penalty Shots
Leo Carlsson, Lucas Raymond, Kevin Fiala, Barrett Hayton, Oliver Bjorkstrand

Scratches
Trevor Zegras (Healthy), Simon Nemec (Healthy)

Winnipeg Jets

5 vs 5 Forward 
   Center                   Left Wing                Right Wing               Time % Phy DF OF 
 1 Jason Zucker             Connor Bedard            Ridly Greig              30     1   2  2  
 2 Adam Lowry               Taylor Hall              Alexander Kerfoot        30     1   2  2  
 3 Vladislav Namestnikov    Alexis Lafreniere        Joel Armia               25     1   2  2  
 4 Sam Steel                Matvei Michkov           Nino Niederreiter        15     1   2  2  

5 vs 5 Defense 
   Defense                  Defense                                           Time % Phy DF OF 
 1 Dylan Samberg            Jonas Brodin                                      30     1   2  2  
 2 Nate Schmidt             Haydn Fleury                                      30     1   2  2  
 3 Sean Durzi               Michael Kesselring                                25     1   2  2  
 4 Dylan Samberg            Jonas Brodin                                      15     1   2  2  

PowerPlay Forward 
   Center                   Left Wing                Right Wing               Time % Phy DF OF 
 1 Jason Zucker             Connor Bedard            Ridly Greig              50     1   2  2  
 2 Adam Lowry               Taylor Hall              Alexander Kerfoot        50     1   2  2  

PowerPlay Defense
   Defense                  Defense                                           Time % Phy DF OF 
 1 Dylan Samberg            Jonas Brodin                                      50     1   2  2  
 2 Nate Schmidt             Haydn Fleury                                      50     1   2  2  

Penalty Kill 4 Players Forward 
   Center                   Wing                     Time % Phy DF OF 
 1 Taylor Hall              Connor Bedard            50     1   2  2  
 2 Adam Lowry               Ridly Greig              50     1   2  2  

Penalty Kill 4 Players Defense
   Defense                  Defense                  Time % Phy DF OF 
 1 Dylan Samberg            Jonas Brodin             50     1   2  2  
 2 Nate Schmidt             Haydn Fleury             50     1   2  2  

Penalty Kill - 3 Players Forward 
   Forward                                           Time % Phy DF OF 
 1 Ridly Greig                                       50     1   2  2  
 2 Connor Bedard                                     50     1   2  2  

Penalty Kill - 3 Players Defense
   Defense                  Defense                  Time % Phy DF OF 
 1 Dylan Samberg            Jonas Brodin             50     1   2  2  
 2 Nate Schmidt             Haydn Fleury             50     1   2  2  

4 vs 4 Forward 
   Center                   Wing                     Time % Phy DF OF 
 1 Matvei Michkov           Connor Bedard            50     1   2  2  
 2 Adam Lowry               Ridly Greig              50     1   2  2  

4 vs 4 Defense
   Defense                  Defense                  Time % Phy DF OF 
 1 Dylan Samberg            Jonas Brodin             50     1   2  2  
 2 Nate Schmidt             Haydn Fleury             50     1   2  2  

Last Minutes Offensive
   Center                   Left Wing                Right Wing               Defense                  Defense                  
   Jason Zucker             Connor Bedard            Ridly Greig              Dylan Samberg            Jonas Brodin             

Last Minutes Defensive
   Center                   Left Wing                Right Wing               Defense                  Defense                  
   Jason Zucker             Connor Bedard            Ridly Greig              Dylan Samberg            Jonas Brodin             

Goaltenders
Starting : Dustin Wolf              
Backup : Yaroslav Askarov         

Extra Forwards
Normal : Matvei Michkov, Alexis Lafreniere, Joel Armia - PP : Matvei Michkov, Alexis Lafreniere - PK : Joel Armia
Extra Defensemen
Normal : Dylan Samberg, Michael Kesselring, Nate Schmidt - PP : Jonas Brodin - PK : Michael Kesselring, Nate Schmidt
Penalty Shots
Joel Armia, Connor Bedard, Adam Lowry, Ridly Greig, Taylor Hall

Scratches
Erik Brannstrom (Healthy), Mikael Backlund (Healthy), Barclay Goodrow (Healthy), Derek Forbort (Healthy)

% Time on Ice - Chicago Black Hawks

Lines # - Real PCT - Wanted PCT - Time Play
Normal Forward
1 - 30% - 30% - 12:49
2 - 29% - 30% - 12:20
3 - 25% - 25% - 10:40
4 - 17% - 15% - 7:26
Normal Defense
1 - 29% - 30% - 12:43
2 - 31% - 30% - 13:12
3 - 31% - 25% - 13:35
4 - 9% - 15% - 3:45
PP Forward
1 - 50% - 50% - 5:33
2 - 50% - 50% - 5:31
PP Defense
1 - 51% - 50% - 5:37
2 - 49% - 50% - 5:27
PK Forward
1 - 51% - 50% - 2:27
2 - 49% - 50% - 2:24
PK Defense
1 - 55% - 50% - 2:40
2 - 45% - 50% - 2:11
PK3 Forward
1 - 0% - 50%
2 - 0% - 50%
PK3 Defense
1 - 0% - 50%
2 - 0% - 50%
44 Forward
1 - 100% - 50% - 0:50
2 - 0% - 50% - 0:00
44 Defense
1 - 0% - 50% - 0:00
2 - 100% - 50% - 0:50
Last Minute Offensive  - 0:00
Last Minute Defensive  - 0:00
Total
Forward - 60:00
Defense - 60:00

% Time on Ice - Winnipeg Jets

Lines # - Real PCT - Wanted PCT - Time Play
Normal Forward
1 - 26% - 30% - 11:26
2 - 31% - 30% - 13:12
3 - 24% - 25% - 10:29
4 - 19% - 15% - 8:08
Normal Defense
1 - 31% - 30% - 13:28
2 - 33% - 30% - 14:07
3 - 26% - 25% - 11:15
4 - 10% - 15% - 4:25
PP Forward
1 - 49% - 50% - 2:24
2 - 51% - 50% - 2:27
PP Defense
1 - 74% - 50% - 3:34
2 - 26% - 50% - 1:17
PK Forward
1 - 49% - 50% - 5:25
2 - 51% - 50% - 5:39
PK Defense
1 - 50% - 50% - 5:29
2 - 50% - 50% - 5:35
PK3 Forward
1 - 0% - 50%
2 - 0% - 50%
PK3 Defense
1 - 0% - 50%
2 - 0% - 50%
44 Forward
1 - 100% - 50% - 0:50
2 - 0% - 50% - 0:00
44 Defense
1 - 100% - 50% - 0:50
2 - 0% - 50% - 0:00
Last Minute Offensive  - 0:00
Last Minute Defensive  - 0:00
Total
Forward - 60:00
Defense - 60:00

Play-by-Play

1st period


0:01 of 1st period - Leo Carlsson wins face-off versus Jason Zucker in neutral zone.
0:04 of 1st period - Snap shot by Lucas Raymond.
0:04 of 1st period - Stopped by Dustin Wolf with a rebound.
0:26 of 1st period - Zachary Werenski is hit by Adam Lowry and loses puck.
0:55 of 1st period - Snap shot by Alexis Lafreniere.
0:55 of 1st period - Stopped by Jesper Wallstedt with a rebound.
0:57 of 1st period - Backhand shot by Haydn Fleury.
0:57 of 1st period - Shot Misses the Net.
1:34 of 1st period - Snap shot by Jason Zucker.
1:34 of 1st period - Stopped by Jesper Wallstedt without a rebound.
1:35 of 1st period - Barrett Hayton wins face-off versus Jason Zucker in Chicago Black Hawks zone.
2:00 of 1st period - Snap shot by Connor Bedard.
2:00 of 1st period - Shot Misses the Net.
2:10 of 1st period - Snap shot by Oliver Bjorkstrand.
2:10 of 1st period - Stopped by Dustin Wolf without a rebound.
2:11 of 1st period - Adam Lowry wins face-off versus Matthew Beniers in Winnipeg Jets zone.
3:18 of 1st period - Connor Bedard is hit by Brent Burns and loses puck.
3:29 of 1st period - Barrett Hayton is hit by Jason Zucker and loses puck.
4:15 of 1st period - Justin Faulk is hit by Alexis Lafreniere and loses puck.
4:28 of 1st period - Snap shot by Brett Howden.
4:28 of 1st period - Stopped by Dustin Wolf with a rebound.
4:30 of 1st period - Slapshot by Christopher Tanev.
4:30 of 1st period - Stopped by Dustin Wolf with a rebound.
4:32 of 1st period - Slapshot by Bobby Brink.
4:32 of 1st period - Shot Misses the Net.
4:54 of 1st period - Snap shot by Connor Bedard.
4:54 of 1st period - Stopped by Jesper Wallstedt with a rebound.
4:56 of 1st period - Wrist shot by Connor Bedard.
4:56 of 1st period - Shot Blocked by Noah Dobson.
5:46 of 1st period - Sean Durzi is hit by Kevin Fiala and loses puck.
6:07 of 1st period - Wrist shot by Sam Steel.
6:07 of 1st period - Shot Misses the Net.
6:09 of 1st period - Slapshot by Haydn Fleury.
6:09 of 1st period - Stopped by Jesper Wallstedt without a rebound.
6:10 of 1st period - Alexander Kerfoot wins face-off versus Matthew Beniers in Chicago Black Hawks zone.
6:15 of 1st period - Wrist shot by Taylor Hall.
6:15 of 1st period - Stopped by Jesper Wallstedt without a rebound.
6:16 of 1st period - Alexander Kerfoot wins face-off versus Matthew Beniers in Chicago Black Hawks zone.
6:22 of 1st period - Minor Penalty to Eeli Tolvanen for Roughing.
6:23 of 1st period - Leo Carlsson wins face-off versus Jason Zucker in Chicago Black Hawks zone.
6:28 of 1st period - Icing by Ridly Greig.
6:29 of 1st period - Kevin Fiala wins face-off versus Jason Zucker in Winnipeg Jets zone.
6:40 of 1st period - Brent Burns is hit by Connor Bedard and loses puck.
7:08 of 1st period - Icing by Adam Lowry.
7:09 of 1st period - Leo Carlsson wins face-off versus Adam Lowry in Winnipeg Jets zone.
7:46 of 1st period - Wrist shot by Taylor Hall.
7:46 of 1st period - Goal by Taylor Hall - Chicago Black Hawks : 0 - Winnipeg Jets : 1.
7:47 of 1st period - Vladislav Namestnikov wins face-off versus Barrett Hayton in neutral zone.
7:50 of 1st period - Zachary Werenski is hit by Joel Armia and loses puck.
7:58 of 1st period - Off-side.
7:59 of 1st period - Adam Lowry wins face-off versus Leo Carlsson in neutral zone.
8:28 of 1st period - Snap shot by Barrett Hayton.
8:28 of 1st period - Shot Misses the Net.
8:48 of 1st period - Wrist shot by Shane Wright.
8:48 of 1st period - Shot Misses the Net.
8:50 of 1st period - Snap shot by Eeli Tolvanen.
8:50 of 1st period - Stopped by Dustin Wolf without a rebound.
8:51 of 1st period - Vladislav Namestnikov wins face-off versus Matthew Beniers in Winnipeg Jets zone.
9:23 of 1st period - Wrist shot by Vladislav Namestnikov.
9:23 of 1st period - Shot Blocked by Justin Faulk.
9:25 of 1st period - Slapshot by Sean Durzi.
9:25 of 1st period - Deflect By Alexis Lafreniere.
9:25 of 1st period - Shot Misses the Net.
9:25 of 1st period - Puck is out of play.
9:26 of 1st period - Adam Lowry wins face-off versus Leo Carlsson in Chicago Black Hawks zone.
9:41 of 1st period - Snap shot by Leo Carlsson.
9:41 of 1st period - Shot Misses the Net.
9:43 of 1st period - Snap shot by Kevin Fiala.
9:43 of 1st period - Stopped by Dustin Wolf with a rebound.
9:53 of 1st period - Zachary Werenski is hit by Jason Zucker and loses puck.
10:24 of 1st period - Jonas Brodin is hit by Justin Faulk and loses puck.
10:39 of 1st period - Wrist shot by Shane Wright.
10:39 of 1st period - Shot Blocked by Jonas Brodin.
10:41 of 1st period - Slapshot by Christopher Tanev.
10:41 of 1st period - Shot Misses the Net.
11:01 of 1st period - Wrist shot by Adam Lowry.
11:01 of 1st period - Stopped by Jesper Wallstedt with a rebound.
11:03 of 1st period - Snap shot by Taylor Hall.
11:03 of 1st period - Shot Blocked by Zachary Werenski.
12:01 of 1st period - Zachary Werenski is hit by Alexis Lafreniere and loses puck.
12:24 of 1st period - Noah Dobson is hit by Taylor Hall and loses puck.
12:57 of 1st period - Snap shot by Bobby Brink.
12:57 of 1st period - Stopped by Dustin Wolf with a rebound.
13:11 of 1st period - Slapshot by Nino Niederreiter.
13:11 of 1st period - Shot Misses the Net.
13:48 of 1st period - Slapshot by Matvei Michkov.
13:48 of 1st period - Stopped by Jesper Wallstedt without a rebound.
13:49 of 1st period - Adam Lowry wins face-off versus Barrett Hayton in Chicago Black Hawks zone.
13:53 of 1st period - Ryan Suzuki beats up Michael Kesselring.
13:53 of 1st period - Penalty to Michael Kesselring for Fighting.
13:53 of 1st period - Penalty to Ryan Suzuki for Fighting.
13:54 of 1st period - Adam Lowry wins face-off versus Barrett Hayton in Chicago Black Hawks zone.
13:57 of 1st period - Wrist shot by Taylor Hall.
13:57 of 1st period - Goal by Taylor Hall - Chicago Black Hawks : 0 - Winnipeg Jets : 2.
13:58 of 1st period - Barrett Hayton wins face-off versus Adam Lowry in neutral zone.
14:05 of 1st period - Snap shot by Oliver Bjorkstrand.
14:05 of 1st period - Shot Misses the Net.
14:09 of 1st period - Wrist shot by Barrett Hayton.
14:09 of 1st period - Stopped by Dustin Wolf with a rebound.
14:11 of 1st period - Slapshot by Justin Faulk.
14:11 of 1st period - Stopped by Dustin Wolf with a rebound.
14:13 of 1st period - Snap shot by Oliver Bjorkstrand.
14:13 of 1st period - Stopped by Dustin Wolf without a rebound.
14:14 of 1st period - Leo Carlsson wins face-off versus Ridly Greig in Winnipeg Jets zone.
14:17 of 1st period - Wrist shot by Lucas Raymond.
14:17 of 1st period - Stopped by Dustin Wolf with a rebound.
14:28 of 1st period - Minor Penalty to Ridly Greig for Roughing.
14:29 of 1st period - Leo Carlsson wins face-off versus Taylor Hall in Winnipeg Jets zone.
16:28 of 1st period - Penalty to Ridly Greig is over, Ridly Greig is back on ice.
16:52 of 1st period - Wrist shot by Taylor Hall.
16:52 of 1st period - Shot Misses the Net.
16:54 of 1st period - Slapshot by Haydn Fleury.
16:54 of 1st period - Shot Blocked by Brent Burns.
17:06 of 1st period - Snap shot by Ridly Greig.
17:06 of 1st period - Shot Misses the Net.
17:08 of 1st period - Slapshot by Nate Schmidt.
17:08 of 1st period - Deflect By Zachary Werenski.
17:08 of 1st period - Stopped by Jesper Wallstedt without a rebound.
17:09 of 1st period - Vladislav Namestnikov wins face-off versus Leo Carlsson in Chicago Black Hawks zone.
17:22 of 1st period - Slapshot by Alexis Lafreniere.
17:22 of 1st period - Shot Misses the Net.
17:38 of 1st period - Dylan Samberg is hit by Noah Dobson and loses puck.
17:52 of 1st period - Minor Penalty to Alexander Kerfoot for Hooking.
17:53 of 1st period - Adam Lowry wins face-off versus Leo Carlsson in Winnipeg Jets zone.
18:18 of 1st period - Haydn Fleury is hit by Oliver Bjorkstrand and loses puck.
18:25 of 1st period - Snap shot by Oliver Bjorkstrand.
18:25 of 1st period - Deflect By Matthew Beniers.
18:25 of 1st period - Shot Misses the Net.
18:25 of 1st period - Puck is out of play.
18:26 of 1st period - Taylor Hall wins face-off versus Barrett Hayton in Winnipeg Jets zone.
18:26 of 1st period - Taylor Hall is hit by Matthew Beniers.
18:53 of 1st period - Penalty to Michael Kesselring is over, Michael Kesselring is back on ice.
18:57 of 1st period - Slapshot by Ridly Greig.
18:57 of 1st period - Shot Misses the Net.
18:59 of 1st period - Snap shot by Ridly Greig.
18:59 of 1st period - Shot Blocked by Brent Burns.
19:01 of 1st period - Slapshot by Ridly Greig.
19:01 of 1st period - Stopped by Jesper Wallstedt without a rebound.
19:02 of 1st period - Taylor Hall wins face-off versus Leo Carlsson in Chicago Black Hawks zone.
19:17 of 1st period - Snap shot by Leo Carlsson.
19:17 of 1st period - Shot Blocked by Haydn Fleury.
19:52 of 1st period - Penalty to Alexander Kerfoot is over, Alexander Kerfoot is back on ice.
Goals for this period are 0 for Chicago Black Hawks vs 2 for Winnipeg Jets.
Shots for this period are 11 for Chicago Black Hawks vs 11 for Winnipeg Jets.

2nd period


0:01 of 2nd period - Barrett Hayton wins face-off versus Alexander Kerfoot in neutral zone.
0:25 of 2nd period - Icing by Taylor Hall.
0:26 of 2nd period - Jason Zucker wins face-off versus Leo Carlsson in Winnipeg Jets zone.
0:50 of 2nd period - Icing by Zachary Werenski.
0:51 of 2nd period - Adam Lowry wins face-off versus Leo Carlsson in Chicago Black Hawks zone.
0:54 of 2nd period - Snap shot by Taylor Hall.
0:54 of 2nd period - Shot Misses the Net.
0:56 of 2nd period - Snap shot by Taylor Hall.
0:56 of 2nd period - Stopped by Jesper Wallstedt without a rebound.
0:57 of 2nd period - Barrett Hayton wins face-off versus Adam Lowry in Chicago Black Hawks zone.
1:32 of 2nd period - Wrist shot by Matthew Beniers.
1:32 of 2nd period - Shot Misses the Net.
1:34 of 2nd period - Wrist shot by Shane Wright.
1:34 of 2nd period - Shot Misses the Net.
1:40 of 2nd period - Minor Penalty to Haydn Fleury for Holding.
1:41 of 2nd period - Taylor Hall wins face-off versus Barrett Hayton in Winnipeg Jets zone.
1:52 of 2nd period - Wrist shot by Barrett Hayton.
1:52 of 2nd period - Shot Blocked by Jonas Brodin.
2:25 of 2nd period - Taylor Hall is hit by Leo Carlsson and loses puck.
3:11 of 2nd period - Icing by Barrett Hayton.
3:12 of 2nd period - Barrett Hayton wins face-off versus Taylor Hall in Chicago Black Hawks zone.
3:23 of 2nd period - Adam Lowry is hit by Lucas Raymond and loses puck.
3:40 of 2nd period - Penalty to Haydn Fleury is over, Haydn Fleury is back on ice.
4:00 of 2nd period - Snap shot by Vladislav Namestnikov.
4:00 of 2nd period - Shot Misses the Net.
4:27 of 2nd period - Snap shot by Jonas Brodin.
4:27 of 2nd period - Deflect By Connor Bedard.
4:27 of 2nd period - Shot Blocked by Noah Dobson.
4:27 of 2nd period - Puck is out of play.
4:28 of 2nd period - Jason Zucker wins face-off versus Barrett Hayton in Chicago Black Hawks zone.
4:42 of 2nd period - Ridly Greig is hit by Ryan Suzuki and loses puck.
5:18 of 2nd period - Alexis Lafreniere is hit by Matthew Beniers and loses puck.
5:24 of 2nd period - Off-side.
5:25 of 2nd period - Leo Carlsson wins face-off versus Vladislav Namestnikov in neutral zone.
5:50 of 2nd period - Justin Faulk is hit by Adam Lowry and loses puck.
6:37 of 2nd period - Christopher Tanev is hit by Matvei Michkov and loses puck.
7:19 of 2nd period - Wrist shot by Leo Carlsson.
7:19 of 2nd period - Stopped by Dustin Wolf without a rebound.
7:20 of 2nd period - Leo Carlsson wins face-off versus Jason Zucker in Winnipeg Jets zone.
7:23 of 2nd period - Snap shot by Leo Carlsson.
7:23 of 2nd period - Deflect By Jason Zucker.
7:23 of 2nd period - Stopped by Dustin Wolf with a rebound.
7:27 of 2nd period - Snap shot by Lucas Raymond.
7:27 of 2nd period - Shot Blocked by Dylan Samberg.
7:29 of 2nd period - Wrist shot by Kevin Fiala.
7:29 of 2nd period - Stopped by Dustin Wolf without a rebound.
7:30 of 2nd period - Shane Wright wins face-off versus Jason Zucker in Winnipeg Jets zone.
7:41 of 2nd period - Slapshot by Shane Wright.
7:41 of 2nd period - Shot Hit the Post.
7:43 of 2nd period - Wrist shot by Shane Wright.
7:43 of 2nd period - Shot Misses the Net.
7:45 of 2nd period - Backhand shot by Matthew Beniers.
7:45 of 2nd period - Shot Blocked by Jonas Brodin.
7:52 of 2nd period - Icing by Ridly Greig.
7:53 of 2nd period - Oliver Bjorkstrand wins face-off versus Adam Lowry in Winnipeg Jets zone.
8:18 of 2nd period - Leo Carlsson is hit by Jonas Brodin and loses puck.
8:47 of 2nd period - Snap shot by Connor Bedard.
8:47 of 2nd period - Shot Blocked by Brent Burns.
8:49 of 2nd period - Wrist shot by Ridly Greig.
8:49 of 2nd period - Stopped by Jesper Wallstedt with a rebound.
8:51 of 2nd period - Slapshot by Dylan Samberg.
8:51 of 2nd period - Stopped by Jesper Wallstedt without a rebound.
8:52 of 2nd period - Adam Lowry wins face-off versus Barrett Hayton in Chicago Black Hawks zone.
10:46 of 2nd period - Slapshot by Leo Carlsson.
10:46 of 2nd period - Shot Blocked by Sean Durzi.
10:48 of 2nd period - Slapshot by Christopher Tanev.
10:48 of 2nd period - Shot Misses the Net.
10:50 of 2nd period - Snap shot by Kevin Fiala.
10:50 of 2nd period - Shot Blocked by Ridly Greig.
10:52 of 2nd period - Slapshot by Christopher Tanev.
10:52 of 2nd period - Stopped by Dustin Wolf with a rebound.
11:28 of 2nd period - Haydn Fleury is hit by Barrett Hayton and loses puck.
11:43 of 2nd period - Wrist shot by Leo Carlsson.
11:43 of 2nd period - Stopped by Dustin Wolf with a rebound.
11:45 of 2nd period - Snap shot by Lucas Raymond.
11:45 of 2nd period - Stopped by Dustin Wolf with a rebound.
11:47 of 2nd period - Slapshot by Justin Faulk.
11:47 of 2nd period - Shot Blocked by Adam Lowry.
11:49 of 2nd period - Snap shot by Justin Faulk.
11:49 of 2nd period - Deflect By Leo Carlsson.
11:49 of 2nd period - Shot Blocked by Jonas Brodin.
11:49 of 2nd period - Puck is out of play.
11:50 of 2nd period - Jason Zucker wins face-off versus Leo Carlsson in Winnipeg Jets zone.
11:50 of 2nd period - Jason Zucker is hit by Leo Carlsson.
12:17 of 2nd period - Vladislav Namestnikov is hit by Oliver Bjorkstrand and loses puck.
13:22 of 2nd period - Lucas Raymond is hit by Haydn Fleury and loses puck.
13:33 of 2nd period - Backhand shot by Jason Zucker.
13:33 of 2nd period - Stopped by Jesper Wallstedt with a rebound.
13:45 of 2nd period - Wrist shot by Vladislav Namestnikov.
13:45 of 2nd period - Shot Misses the Net.
13:56 of 2nd period - Vladislav Namestnikov is hit by Barrett Hayton and loses puck.
14:04 of 2nd period - Icing by Vladislav Namestnikov.
14:05 of 2nd period - Matthew Beniers wins face-off versus Vladislav Namestnikov in Winnipeg Jets zone.
14:06 of 2nd period - Wrist shot by Shane Wright.
14:06 of 2nd period - Stopped by Dustin Wolf with a rebound.
14:12 of 2nd period - Snap shot by Matthew Beniers.
14:12 of 2nd period - Shot Misses the Net.
14:14 of 2nd period - Slapshot by Matthew Beniers.
14:14 of 2nd period - Shot Misses the Net.
14:16 of 2nd period - Slapshot by Ryan Lindgren.
14:16 of 2nd period - Shot Misses the Net.
14:18 of 2nd period - Snap shot by Ryan Lindgren.
14:18 of 2nd period - Stopped by Dustin Wolf without a rebound.
14:19 of 2nd period - Adam Lowry wins face-off versus Barrett Hayton in Winnipeg Jets zone.
14:34 of 2nd period - Backhand shot by Zachary Werenski.
14:34 of 2nd period - Shot Misses the Net.
14:52 of 2nd period - Off-side.
14:53 of 2nd period - Shane Wright wins face-off versus Vladislav Namestnikov in neutral zone.
15:25 of 2nd period - Minor Penalty to Dylan Samberg for Hooking.
15:26 of 2nd period - Taylor Hall wins face-off versus Leo Carlsson in Winnipeg Jets zone.
15:40 of 2nd period - Wrist shot by Taylor Hall.
15:40 of 2nd period - Shot Hit the Post.
15:52 of 2nd period - Jonas Brodin is hit by Justin Faulk and loses puck.
16:34 of 2nd period - Minor Penalty to Barrett Hayton for Roughing.
16:35 of 2nd period - Matvei Michkov wins face-off versus Leo Carlsson in Chicago Black Hawks zone.
16:38 of 2nd period - Snap shot by Matvei Michkov.
16:38 of 2nd period - Stopped by Jesper Wallstedt without a rebound.
16:39 of 2nd period - Matvei Michkov wins face-off versus Leo Carlsson in Chicago Black Hawks zone.
17:25 of 2nd period - Penalty to Dylan Samberg is over, Dylan Samberg is back on ice.
17:30 of 2nd period - Snap shot by Lucas Raymond.
17:30 of 2nd period - Stopped by Dustin Wolf with a rebound.
17:48 of 2nd period - Snap shot by Leo Carlsson.
17:48 of 2nd period - Shot Misses the Net.
18:34 of 2nd period - Penalty to Barrett Hayton is over, Barrett Hayton is back on ice.
18:35 of 2nd period - Icing by Connor Bedard.
18:36 of 2nd period - Matvei Michkov wins face-off versus Barrett Hayton in Winnipeg Jets zone.
18:41 of 2nd period - Slapshot by Jonas Brodin.
18:41 of 2nd period - Deflect By Connor Bedard.
18:41 of 2nd period - Shot Misses the Net.
18:41 of 2nd period - Puck is out of play.
18:42 of 2nd period - Barrett Hayton wins face-off versus Adam Lowry in Chicago Black Hawks zone.
18:42 of 2nd period - Barrett Hayton is hit by Alexander Kerfoot.
19:07 of 2nd period - Off-side.
19:08 of 2nd period - Matthew Beniers wins face-off versus Vladislav Namestnikov in neutral zone.
19:21 of 2nd period - Wrist shot by Matthew Beniers.
19:21 of 2nd period - Goal by Matthew Beniers - Chicago Black Hawks : 1 - Winnipeg Jets : 2.
19:22 of 2nd period - Adam Lowry wins face-off versus Leo Carlsson in neutral zone.
19:39 of 2nd period - Wrist shot by Leo Carlsson.
19:39 of 2nd period - Shot Misses the Net.
19:45 of 2nd period - Minor Penalty to Taylor Hall for Boarding.
19:46 of 2nd period - Leo Carlsson wins face-off versus Joel Armia in Winnipeg Jets zone.
19:58 of 2nd period - Off-side.
19:59 of 2nd period - Adam Lowry wins face-off versus Barrett Hayton in neutral zone.
Goals for this period are 1 for Chicago Black Hawks vs 0 for Winnipeg Jets.
Shots for this period are 10 for Chicago Black Hawks vs 5 for Winnipeg Jets.

3rd period


0:01 of 3rd period - Joel Armia wins face-off versus Barrett Hayton in neutral zone.
0:08 of 3rd period - Matthew Beniers is hit by Joel Armia and loses puck.
1:45 of 3rd period - Penalty to Taylor Hall is over, Taylor Hall is back on ice.
2:18 of 3rd period - Snap shot by Nino Niederreiter.
2:18 of 3rd period - Shot Misses the Net.
2:20 of 3rd period - Backhand shot by Dylan Samberg.
2:20 of 3rd period - Stopped by Jesper Wallstedt without a rebound.
2:21 of 3rd period - Matthew Beniers wins face-off versus Sam Steel in Chicago Black Hawks zone.
2:40 of 3rd period - Trevor Lewis is hit by Vladislav Namestnikov and loses puck.
3:44 of 3rd period - Slapshot by Noah Dobson.
3:44 of 3rd period - Deflect By Trevor Lewis.
3:44 of 3rd period - Shot Misses the Net.
3:44 of 3rd period - Puck is out of play.
3:45 of 3rd period - Brett Howden wins face-off versus Jason Zucker in Winnipeg Jets zone.
3:46 of 3rd period - Snap shot by Bobby Brink.
3:46 of 3rd period - Shot Blocked by Dylan Samberg.
4:10 of 3rd period - Snap shot by Kevin Fiala.
4:10 of 3rd period - Shot Misses the Net.
4:34 of 3rd period - Slapshot by Taylor Hall.
4:34 of 3rd period - Shot Blocked by Noah Dobson.
4:50 of 3rd period - Snap shot by Leo Carlsson.
4:50 of 3rd period - Stopped by Dustin Wolf with a rebound.
4:52 of 3rd period - Wrist shot by Kevin Fiala.
4:52 of 3rd period - Stopped by Dustin Wolf without a rebound.
4:53 of 3rd period - Jason Zucker wins face-off versus Barrett Hayton in Winnipeg Jets zone.
4:53 of 3rd period - Jason Zucker is hit by Zachary Werenski.
5:26 of 3rd period - Off-side.
5:27 of 3rd period - Adam Lowry wins face-off versus Matthew Beniers in neutral zone.
5:34 of 3rd period - Snap shot by Adam Lowry.
5:34 of 3rd period - Shot Blocked by Christopher Tanev.
5:36 of 3rd period - Snap shot by Taylor Hall.
5:36 of 3rd period - Goal by Taylor Hall - Chicago Black Hawks : 1 - Winnipeg Jets : 3.
5:37 of 3rd period - Barrett Hayton wins face-off versus Jason Zucker in neutral zone.
5:48 of 3rd period - Snap shot by Ridly Greig.
5:48 of 3rd period - Shot Misses the Net.
5:50 of 3rd period - Slapshot by Jason Zucker.
5:50 of 3rd period - Shot Hit the Post.
5:52 of 3rd period - Snap shot by Jason Zucker.
5:52 of 3rd period - Stopped by Jesper Wallstedt with a rebound.
5:54 of 3rd period - Snap shot by Jonas Brodin.
5:54 of 3rd period - Deflect By Jason Zucker.
5:54 of 3rd period - Shot Blocked by Barrett Hayton.
5:54 of 3rd period - Puck is out of play.
5:55 of 3rd period - Adam Lowry wins face-off versus Leo Carlsson in Chicago Black Hawks zone.
6:13 of 3rd period - Minor Penalty to Zachary Werenski for Hooking.
6:14 of 3rd period - Adam Lowry wins face-off versus Kevin Fiala in Chicago Black Hawks zone.
6:20 of 3rd period - Slapshot by Alexander Kerfoot.
6:20 of 3rd period - Deflect By Adam Lowry.
6:20 of 3rd period - Shot Misses the Net.
6:20 of 3rd period - Puck is out of play.
6:21 of 3rd period - Alexander Kerfoot wins face-off versus Kevin Fiala in Chicago Black Hawks zone.
6:24 of 3rd period - Slapshot by Adam Lowry.
6:24 of 3rd period - Deflect By Taylor Hall.
6:24 of 3rd period - Stopped by Jesper Wallstedt with a rebound.
6:26 of 3rd period - Slapshot by Alexander Kerfoot.
6:26 of 3rd period - Shot Misses the Net.
6:28 of 3rd period - Slapshot by Haydn Fleury.
6:28 of 3rd period - Shot Blocked by Justin Faulk.
6:30 of 3rd period - Slapshot by Haydn Fleury.
6:30 of 3rd period - Stopped by Jesper Wallstedt with a rebound.
6:32 of 3rd period - Backhand shot by Alexander Kerfoot.
6:32 of 3rd period - Goal by Alexander Kerfoot - Chicago Black Hawks : 1 - Winnipeg Jets : 4.
6:33 of 3rd period - Barrett Hayton wins face-off versus Jason Zucker in neutral zone.
6:42 of 3rd period - Snap shot by Oliver Bjorkstrand.
6:42 of 3rd period - Stopped by Dustin Wolf with a rebound.
6:44 of 3rd period - Minor Penalty to Ridly Greig for Tripping.
6:45 of 3rd period - Adam Lowry wins face-off versus Barrett Hayton in Winnipeg Jets zone.
8:44 of 3rd period - Penalty to Ridly Greig is over, Ridly Greig is back on ice.
8:44 of 3rd period - Alexis Lafreniere is hit by Eeli Tolvanen and loses puck.
9:14 of 3rd period - Snap shot by Ridly Greig.
9:14 of 3rd period - Stopped by Jesper Wallstedt with a rebound.
9:16 of 3rd period - Slapshot by Dylan Samberg.
9:16 of 3rd period - Deflect By Connor Bedard.
9:16 of 3rd period - Stopped by Jesper Wallstedt with a rebound.
9:18 of 3rd period - Slapshot by Jonas Brodin.
9:18 of 3rd period - Stopped by Jesper Wallstedt with a rebound.
9:20 of 3rd period - Snap shot by Alexis Lafreniere.
9:20 of 3rd period - Stopped by Jesper Wallstedt with a rebound.
9:22 of 3rd period - Snap shot by Connor Bedard.
9:22 of 3rd period - Shot Blocked by Bobby Brink.
9:24 of 3rd period - Slapshot by Dylan Samberg.
9:24 of 3rd period - Stopped by Jesper Wallstedt without a rebound.
9:25 of 3rd period - Adam Lowry wins face-off versus Matthew Beniers in Chicago Black Hawks zone.
9:28 of 3rd period - Snap shot by Taylor Hall.
9:28 of 3rd period - Shot Misses the Net.
10:05 of 3rd period - Justin Faulk is hit by Nate Schmidt.
10:09 of 3rd period - Slapshot by Barrett Hayton.
10:09 of 3rd period - Stopped by Dustin Wolf with a rebound.
10:23 of 3rd period - Vladislav Namestnikov is hit by Trevor Lewis and loses puck.
10:38 of 3rd period - Michael Kesselring is hit by Matthew Beniers and loses puck.
11:22 of 3rd period - Snap shot by Sam Steel.
11:22 of 3rd period - Stopped by Jesper Wallstedt with a rebound.
11:24 of 3rd period - Slapshot by Dylan Samberg.
11:24 of 3rd period - Shot Misses the Net.
11:55 of 3rd period - Backhand shot by Matvei Michkov.
11:55 of 3rd period - Shot Misses the Net.
11:57 of 3rd period - Slapshot by Dylan Samberg.
11:57 of 3rd period - Stopped by Jesper Wallstedt without a rebound.
11:58 of 3rd period - Jason Zucker wins face-off versus Oliver Bjorkstrand in Chicago Black Hawks zone.
12:03 of 3rd period - Snap shot by Jason Zucker.
12:03 of 3rd period - Stopped by Jesper Wallstedt with a rebound.
13:10 of 3rd period - Wrist shot by Jason Zucker.
13:10 of 3rd period - Shot Hit the Post.
13:12 of 3rd period - Snap shot by Haydn Fleury.
13:12 of 3rd period - Deflect By Jason Zucker.
13:12 of 3rd period - Stopped by Jesper Wallstedt without a rebound.
13:13 of 3rd period - Shane Wright wins face-off versus Vladislav Namestnikov in Chicago Black Hawks zone.
13:38 of 3rd period - Minor Penalty to Shane Wright for Cross-checking.
13:39 of 3rd period - Leo Carlsson wins face-off versus Adam Lowry in Chicago Black Hawks zone.
14:06 of 3rd period - Adam Lowry is hit by Leo Carlsson and loses puck.
14:21 of 3rd period - Wrist shot by Taylor Hall.
14:21 of 3rd period - Shot Blocked by Lucas Raymond.
14:25 of 3rd period - Snap shot by Alexander Kerfoot.
14:25 of 3rd period - Stopped by Jesper Wallstedt without a rebound.
14:26 of 3rd period - Jason Zucker wins face-off versus Kevin Fiala in Chicago Black Hawks zone.
14:41 of 3rd period - Wrist shot by Kevin Fiala.
14:41 of 3rd period - Shot Blocked by Connor Bedard.
14:58 of 3rd period - Connor Bedard is hit by Lucas Raymond and loses puck.
15:38 of 3rd period - Penalty to Shane Wright is over, Shane Wright is back on ice.
15:42 of 3rd period - Icing by Taylor Hall.
15:43 of 3rd period - Matthew Beniers wins face-off versus Adam Lowry in Winnipeg Jets zone.
15:44 of 3rd period - Wrist shot by Shane Wright.
15:44 of 3rd period - Stopped by Dustin Wolf with a rebound.
15:46 of 3rd period - Slapshot by Noah Dobson.
15:46 of 3rd period - Stopped by Dustin Wolf with a rebound.
15:48 of 3rd period - Slapshot by Ryan Lindgren.
15:48 of 3rd period - Stopped by Dustin Wolf with a rebound.
15:50 of 3rd period - Slapshot by Eeli Tolvanen.
15:50 of 3rd period - Shot Blocked by Nate Schmidt.
15:52 of 3rd period - Slapshot by Noah Dobson.
15:52 of 3rd period - Shot Blocked by Nate Schmidt.
15:54 of 3rd period - Snap shot by Shane Wright.
15:54 of 3rd period - Shot Misses the Net.
15:56 of 3rd period - Slapshot by Noah Dobson.
15:56 of 3rd period - Deflect By Matthew Beniers.
15:56 of 3rd period - Stopped by Dustin Wolf with a rebound.
16:15 of 3rd period - Snap shot by Alexis Lafreniere.
16:15 of 3rd period - Stopped by Jesper Wallstedt with a rebound.
16:17 of 3rd period - Slapshot by Vladislav Namestnikov.
16:17 of 3rd period - Shot Misses the Net.
16:19 of 3rd period - Slapshot by Joel Armia.
16:19 of 3rd period - Stopped by Jesper Wallstedt with a rebound.
16:21 of 3rd period - Wrist shot by Vladislav Namestnikov.
16:21 of 3rd period - Stopped by Jesper Wallstedt with a rebound.
16:23 of 3rd period - Slapshot by Nate Schmidt.
16:23 of 3rd period - Stopped by Jesper Wallstedt with a rebound.
16:33 of 3rd period - Slapshot by Noah Dobson.
16:33 of 3rd period - Stopped by Dustin Wolf without a rebound.
16:34 of 3rd period - Barrett Hayton wins face-off versus Matvei Michkov in Winnipeg Jets zone.
16:37 of 3rd period - Wrist shot by Barrett Hayton.
16:37 of 3rd period - Stopped by Dustin Wolf without a rebound.
16:38 of 3rd period - Jason Zucker wins face-off versus Barrett Hayton in Winnipeg Jets zone.
16:47 of 3rd period - Slapshot by Jonas Brodin.
16:47 of 3rd period - Stopped by Jesper Wallstedt with a rebound.
16:49 of 3rd period - Slapshot by Jonas Brodin.
16:49 of 3rd period - Stopped by Jesper Wallstedt with a rebound.
16:51 of 3rd period - Slapshot by Jonas Brodin.
16:51 of 3rd period - Shot Blocked by Brent Burns.
16:53 of 3rd period - Slapshot by Dylan Samberg.
16:53 of 3rd period - Stopped by Jesper Wallstedt without a rebound.
16:54 of 3rd period - Leo Carlsson wins face-off versus Vladislav Namestnikov in Chicago Black Hawks zone.
17:27 of 3rd period - Slapshot by Connor Bedard.
17:27 of 3rd period - Shot Misses the Net.
17:29 of 3rd period - Slapshot by Ridly Greig.
17:29 of 3rd period - Stopped by Jesper Wallstedt with a rebound.
17:39 of 3rd period - Snap shot by Shane Wright.
17:39 of 3rd period - Stopped by Dustin Wolf without a rebound.
17:40 of 3rd period - Matthew Beniers wins face-off versus Adam Lowry in Winnipeg Jets zone.
18:45 of 3rd period - Snap shot by Nino Niederreiter.
18:45 of 3rd period - Shot Misses the Net.
18:51 of 3rd period - Slapshot by Matvei Michkov.
18:51 of 3rd period - Shot Blocked by Trevor Lewis.
19:18 of 3rd period - Backhand shot by Shane Wright.
19:18 of 3rd period - Shot Blocked by Dylan Samberg.
19:20 of 3rd period - Snap shot by Noah Dobson.
19:20 of 3rd period - Deflect By Matthew Beniers.
19:20 of 3rd period - Shot Misses the Net.
19:20 of 3rd period - Puck is out of play.
19:21 of 3rd period - Barrett Hayton wins face-off versus Connor Bedard in Winnipeg Jets zone.
19:21 of 3rd period - Barrett Hayton is hit by Michael Kesselring.
19:23 of 3rd period - Wrist shot by Oliver Bjorkstrand.
19:23 of 3rd period - Goal by Oliver Bjorkstrand - Chicago Black Hawks : 2 - Winnipeg Jets : 4.
19:24 of 3rd period - Matthew Beniers wins face-off versus Alexis Lafreniere in neutral zone.
19:58 of 3rd period - Slapshot by Nino Niederreiter.
19:58 of 3rd period - Shot Blocked by Christopher Tanev.
Goals for this period are 1 for Chicago Black Hawks vs 2 for Winnipeg Jets.
Shots for this period are 12 for Chicago Black Hawks vs 24 for Winnipeg Jets.